 Dungeon Crawl Stone Soup version 0.26-a0-682-g294304f6e8 (webtiles) character file.

Game seed: 9295321575261814810

319 dickylongcocking the Tainter (level 6, -5/41 HPs)
             Began as a Formicid Venom Mage on Oct 21, 2020.
             Slain by a wight
             ... wielding a +4 hand axe
              (7 damage)
             ... on level 7 of the Dungeon.
             The game lasted 00:02:39 (2139 turns).

dickylongcocking the Tainter (Formicid Venom Mage)  Turns: 2139, Time: 00:02:40

Health: -5/41      AC:  3    Str: 13    XL:     6   Next: 74%
Magic:  9/9        EV: 11    Int: 16    God:
Gold:   105        SH:  0    Dex: 11    Spells: 5/9 levels left

rFire    . . .     SeeInvis +   c - +1 whip (elec)
rCold    . . .     Faith    .   (no shield)
rNeg     . . .     Spirit   .   a - +0 robe
rPois    .         Reflect  .   (helmet unavailable)
rElec    .         Harm     .   (no cloak)
rCorr    .         Rampage  .   l - +0 pair of gloves
MR       .....                  (no boots)
Stlth    ++........             (no amulet)
HPRegen  0.13/turn              (no ring)
MPRegen  0.11/turn              (no ring)

@: mighty, brilliant, heavily drained
A: permanent stasis, dig shafts and tunnels, four strong arms, antennae 3
a: Dig, Shaft Self


You were on level 7 of the Dungeon.
You visited 1 branch of the dungeon, and saw 5 of its levels.

You collected 105 gold pieces.

Inventory:

Hand Weapons
 b - a +0 halberd
 c - a +1 whip of electrocution (weapon)
 i - a +0 scythe
Armour
 a - a +0 robe (worn)
 j - a +0 robe
 l - a +0 pair of gloves (worn)
Jewellery
 h - a +6 ring of dexterity {unknown}
Scrolls
 e - a scroll of identify
 f - a scroll of amnesia
 k - 2 scrolls of remove curse
Potions
 n - a potion of curing {unknown}


   Skills:
 - Level 1.7(0.6) Dodging
 - Level 2.4(1.2) Stealth
 * Level 2.4(1.2) Spellcasting
 - Level 1.1(0.0) Transmutations
 * Level 9.2(7.7) Poison Magic


You had 5 spell levels left.
You knew the following spells:

 Your Spells              Type           Power        Failure   Level
a - Sting                 Tmut/Pois      ###.         4%          1
i - Ignite Poison         Fire/Tmut/Pois ##......     24%         3

Your spell library contained the following spells:

 Spells                   Type           Power        Failure   Level
 Poisonous Vapours        Pois/Air       ###...       7%          2
 Olgreb's Toxic Radiance  Pois           #####...     9%          4
 Mephitic Cloud           Conj/Pois/Air  ##......     24%         3


Dungeon Overview and Level Annotations

Branches:
Dungeon (7/15)
 Temple: D:4-7

Altars:


Innate Abilities, Weirdness & Mutations

You cannot be hasted, slowed, berserked, paralysed or teleported.
You can dig through walls and to a lower floor.
Your four strong arms can wield two-handed weapons with a shield.
You have a pair of large antennae on your head. (SInv)


Message History

You barely miss the wight.
You feel less invigorated.
You feel less confused. The wight barely misses you.
The wight hits you with a +4 hand axe.
You feel drained.
Unknown command.
Okay, then.
Unknown command.
Okay, then.
Okay, then.
It was a potion of brilliance.
You feel clever all of a sudden. The wight barely misses you.
The wight hits you with a +4 hand axe!
* * * LOW HITPOINT WARNING * * *
Unknown command.
It was a potion of might.
You feel very mighty all of a sudden.
The wight hits you with a +1 dire flail.
* * * LOW HITPOINT WARNING * * *
You feel drained. The wight hits you with a +4 hand axe!
You die...

###
..#
#.#
#.#
#.#
#z#
#@#
#z#
#.#
#.#
..#
###


You could see 2 wights.

Vanquished Creatures
  Sigmund (D:2)
  2 orc wizards (D:3)
  An orc priest (D:3)
  2 gnolls (D:1)
  An adder (D:2)
  An ooze (D:1)
  A worm (D:2)
  2 dart slugs (D:1)
  A leopard gecko (D:1)
  7 orcs (D:3)
  A giant cockroach (D:1)
  2 goblins
  4 hobgoblins
  3 jackals
  5 bats
  3 frilled lizards
  2 kobolds
  10 rats
49 creatures vanquished.

Notes
Turn   | Place    | Note
-------+----------+-------------------------------------------
     0 | D:1      | dickylongcocking the Formicid Venom Mage began the quest
                  | for the Orb.
     0 | D:1      | Reached XP level 1. HP: 13/13 MP: 3/3
   191 | D:1      | Reached skill level 5 in Poison Magic
   191 | D:1      | Reached XP level 2. HP: 19/19 MP: 0/5
   328 | D:1      | Reached XP level 3. HP: 24/24 MP: 4/6
   675 | D:1      | Reached skill level 6 in Poison Magic
  1126 | D:2      | Reached XP level 4. HP: 30/30 MP: 4/7
  1231 | D:2      | Noticed Sigmund
  1371 | D:1      | Learned a level 3 spell: Ignite Poison
  1376 | D:2      | Killed Sigmund
  1376 | D:2      | Reached skill level 8 in Poison Magic
  1376 | D:2      | Reached XP level 5. HP: 35/35 MP: 2/8
  1376 | D:2      | Reached XP level 6. HP: 41/41 MP: 2/9
  1935 | D:3      | Reached skill level 9 in Poison Magic
  2127 | D:3      | You fall into a shaft and drop 3 floors!
  2139 | D:7      | HP: 2/41 [wight/+1 dire flail (6)]
  2139 | D:7      | Slain by a wight

Illustrated notes

Levels and vault maps discovered:
D:1:      lemuel_arrival_river_bridge, layout_rooms, serial_glass,
          glass_columns_c, glass_columns_a, glass_columns_b, glass_columns_a,
          glass_columns_a, glass_columns_a, bh_walls_and_bars
D:2:      layout_basic, uniq_sigmund
D:3:      layout_basic
D:6:      layout_cave_pods, uniq_maggie, uniq_prince_ribbit1
D:7:      layout_loops_ring, serial_rivers, chequers_serial_rivers_small_b,
          chequers_serial_rivers_micro_d, chequers_serial_rivers_marsh,
          chequers_serial_rivers_micro_c, chequers_serial_rivers_micro_e,
          gammafunk_ghost_berserking_beasts, basic_altar

Skill      XL: |  1  2  3  4  5  6 |
---------------+-------------------+-----
Poison Magic   | 5 6 8 9 |  9.2
Dodging        | |  1.7
Stealth        | |  2.4
Spellcasting   | |  2.4
Transmutations | |  1.1

Action                   |  1- 3 |  4- 6 || total
-------------------------+-------+-------++-------
Melee: Halberd           |     9 |    44 ||    53
       Whip              |       |    44 ||    44
 Cast: Sting             |    37 |    18 ||    55
       Ignite Poison     |       |     2 ||     2
  Use: Scroll            |       |     3 ||     3
       Potion            |       |     3 ||     3
 Stab: Sleeping          |       |     3 ||     3
Armor: Robe              |     4 |    29 ||    33
Dodge: Dodged            |    19 |   105 ||   124

Table legend: (Time is in decaauts)
 A = Elapsed time spent in this place.
 B = Non-inter-level travel time spent in this place.
 C = Inter-level travel time spent in this place.
 D = Time resting spent in this place.
 E = Time spent auto-exploring this place.
 F = Levels seen in this place.
 G = Mean time per level.
                   A        B        C        D        E       F      G
               +--------+--------+--------+--------+--------+-----+--------+
         Total |   2172 |   2126 |     46 |    417 |   1231 |   5 |  434.4 |
       Dungeon |   2172 |   2126 |     46 |    417 |   1231 |   5 |  434.4 |
               +--------+--------+--------+--------+--------+-----+--------+

Top non-repeatable levels by time:
     D:1: 1184 daAuts
     D:2: 754 daAuts
     D:3: 222 daAuts
     D:7: 6 daAuts
     D:6: 4 daAuts
